 Dungeon Crawl Stone Soup version 0.21-a0-271-ge7f0487 (webtiles) character file.

90128 Lavandula the Brawler (level 15, -21/126 HPs)
             Began as a Ghoul Warper on Sept 15, 2017.
             Was an Elder of Cheibriados.
             Killed from afar by Nikola (22 damage)
             ... with a chain lightning
             ... on level 2 of the Snake Pit on Sept 16, 2017.
             The game lasted 01:40:46 (10131 turns).

Lavandula the Brawler (Ghoul Warper)               Turns: 10131, Time: 01:40:46

Health: -21/126    AC: 38    Str: 28    XL:     15   Next: 55%
Magic:  11/20      EV: 16    Int: 28    God:    Cheibriados [****..]
Gold:   443        SH: 11    Dex: 20    Spells: 6/23 levels left

rFire    . . .     SeeInvis .     - Unarmed
rCold    . . .     Gourm    .   F - +0 buckler
rNeg     + + +     Faith    .   o - +27 Lear's hauberk
rPois    ∞         Spirit   .   (helmet currently unavailable)
rElec    .         Reflect  +   (no cloak)
rCorr    .         Harm     .   (gloves currently unavailable)
MR       +....                  (boots currently unavailable)
Stlth    ++........             s - +5 amulet of reflection
HPRegen  0.00/turn              V - ring "Atwonkog" {rC- Int+8 Slay+5 Stlth+}
MPRegen  0.17/turn              Q - +1 ring of evasion

@: confusing touch, shrouded, rotting, very slow
A: rotting body, claws 1, carnivore 3, cold resistance 1, negative energy
resistance 3, inhibited regeneration, torment resistance, unbreathing
}: 1/15 runes: decaying
a: Bend Time, Temporal Distortion, Slouch, Renounce Religion


You were on level 2 of the Snake Pit.
You worshipped Cheibriados.
Cheibriados was greatly pleased with you.
You were not hungry.

You visited 5 branches of the dungeon, and saw 23 of its levels.

You collected 1452 gold pieces.
You spent 1009 gold pieces at shops.

Inventory:

Missiles
 d - 5 tomahawks of dispersal
 j - 7 poisoned tomahawks
 n - 13 tomahawks (quivered)
 B - 2 throwing nets
Armour
 o - the +27 Lear's hauberk (worn)
   (You took it off an orc on level 2 of the Orcish Mines)
 p - a +0 ring mail of cold resistance
 t - a +2 chain mail of fire resistance
 F - a +0 buckler (worn)
 I - a +0 ring mail of magic resistance
 M - a +1 hat of intelligence
 X - a +1 robe of fire resistance
Magical Staves
 L - an uncursed staff of earth
Jewellery
 e - an uncursed amulet of rage {unknown}
 r - an uncursed ring of protection from fire
 s - a +5 amulet of reflection (around neck)
 N - an uncursed ring of see invisible
 Q - a +1 ring of evasion (right claw)
 U - an uncursed ring of ice
 V - the ring "Atwonkog" (left claw) {rC- Int+8 Slay+5 Stlth+}
   (You bought it in a shop on level 2 of the Orcish Mines)

   [ring of stealth]

   It affects your intelligence (+8).
   It affects your accuracy and damage with ranged weapons and melee attacks
   (+5).
   It makes you vulnerable to cold.
   It makes you more stealthy.
 Y - an uncursed amulet of harm {unknown}
Wands
 a - a wand of iceblast (1/15)
 g - a wand of enslavement (9/24)
 y - a wand of iceblast (13/15)
 z - a wand of flame (22/48)
 J - a wand of lightning (0/15)
 O - a wand of iceblast (5/15)
 P - a wand of digging (1/24)
Scrolls
 h - 3 scrolls of recharging
 m - 2 scrolls of fear
 u - 6 scrolls of teleportation
 w - 2 scrolls of enchant weapon
 E - a scroll of immolation {unknown}
 H - 3 scrolls of magic mapping
 K - 5 scrolls of remove curse
 S - 2 scrolls of amnesia {unknown}
 T - 2 scrolls of noise {unknown}
Potions
 c - a potion of berserk rage {unknown}
 i - a potion of magic
 l - 3 potions of flight
 q - a potion of mutation {unknown}
 v - a potion of cancellation {unknown}
 x - a potion of resistance {unknown}
 A - a potion of heal wounds {unknown}
 C - 2 potions of degeneration {unknown}
 D - 2 potions of curing {unknown}
 G - a potion of brilliance {unknown}
 R - a potion of lignification {unknown}
 W - a potion of ambrosia
Comestibles
 b - a chunk of flesh
 f - 10 meat rations
 k - 4 royal jellies


   Skills:
 - Level 10.0 Fighting
 - Level 0.8 Throwing
 - Level 8.5 Armour
 + Level 8.3 Dodging
 - Level 6.2 Stealth
 - Level 5.1 Shields
 - Level 15.0 Unarmed Combat
 - Level 4.5 Spellcasting
 - Level 2.2 Hexes
 - Level 3.2 Necromancy
 - Level 11.0 Translocations
 - Level 7.5 Invocations
 - Level 5.1 Evocations


You had 6 spell levels left.
You knew the following spells:

 Your Spells              Type           Power        Failure   Level  Hunger
a - Blink                 Tloc           N/A          1%          2    None
b - Shroud of Golubria    Chrm/Tloc      #####.....   4%          2    None
c - Lesser Beckoning      Tloc           ######....   1%          3    ##.....
d - Teleport Other        Tloc           ######..     1%          3    ##.....
e - Passage of Golubria   Tloc           N/A          3%          4    ####...
f - Animate Skeleton      Necr           N/A          9%          1    None
g - Apportation           Tloc           ######       1%          1    None
h - Confusing Touch       Hex            ###...       12%         1    None


Dungeon Overview and Level Annotations

Branches:
Dungeon (11/15)            Temple (0/1) D:7            Lair (4/6) D:8
  Swamp (4/4) Lair:3        Snake (2/4) Lair:2          Orc (2/2) D:10
    Elf (0/3) Orc:2

Altars:
Ashenzari
Cheibriados
Dithmenos
Gozag
Hepliaklqana
Nemelex Xobeh
Okawaru
Ru
Sif Muna
Trog
Uskayaw
The Shining One
Beogh

Shops:
D:8 [=   Orc:2 =[=:=

Annotations:
Lair:3 exclusion: oklob plant
Snake:2 Jorgrun, Nikola
Orc:2 exclusion: upstairs


Innate Abilities, Weirdness & Mutations

Your body is rotting away.
You thrive on raw meat.
You are immune to poison.
You have sharp fingernails.
You are carnivorous and can eat meat at any time.
Your flesh is cold resistant. (rC+)
You are immune to negative energy. (rN+++)
You do not regenerate when monsters are visible.
You are immune to unholy pain and torment.
You can survive without breathing.


Message History

Okay, then.
Unknown command.
Okay, then.
Unknown command.
Casting: Confusing Touch
Confirm with . or Enter, or press ? or * to list all spells.
You blink.
A naga mage and a shock serpent come into view.
The naga spits poison at you.
The splash of poison reflects off an invisible shield around you!
The splash of poison hits the naga.
The naga completely resists.
The naga sharpshooter unwields an uncursed scimitar.
The naga sharpshooter wields an uncursed arbalest.
The naga sharpshooter mumbles some strange words.
The naga sharpshooter magically shoots a bolt.
You reflect the bolt off an invisible shield around you!
Nikola gestures wildly while chanting.
You hear a mighty clap of thunder!
The lightning arc hits you!
You die...

..#.... ..........
.?..#.. #.N).#..%.
.......
.#......!.##.....#.
...S... S...N......
.....NN ..........
#...#.(..###.........
#..(.g(N)@...........
..........N@§<(....#
....(##.#..†...#...#.
....(..((....(......#
#..............##.##
##............###
#.......[##..##
.......<...#.#
.......(.....#


You could see Nikola, Jorgrun, 2 naga sharpshooters, a shock serpent, a naga
mage and 2 nagas.

Vanquished Creatures
  Gastronok (D:8)
  A nagaraja (Snake:2)
  2 thorn hunters (Swamp:3)
  An orc warlord (Orc:2)
  Fannar (Orc:1)
  2 ghost crabs (Swamp:3)
  11 hydras
  2 anacondas
  The ghost of MirrMurr the Grappler, a novice TrBe of Trog (D:10)
  3 naga warriors (Snake:1)
  A two-headed ogre (Orc:2)
  5 alligators
  4 death yaks (Lair:4)
  A naga sharpshooter (Snake:1)
  10 orc high priests (Orc:2)
  Nergalle (Orc:1)
  A salamander mystic (Snake:1)
  A naga ritualist (Snake:1)
  2 shambling mangroves (Swamp:4)
  2 spriggan druids
  A deep elf archer (Orc:2)
  9 swamp dragons
  The ghost of AvylaarBelgium the Thaumaturge, a novice DEFE of Vehumet (D:8)
  An orc knight (Orc:1)
  2 mana vipers
  4 deep elf magi (Orc:2)
  5 orc sorcerers (Orc:2)
  A salamander (Snake:1)
  8 black mambas
  3 spiny frogs
  A centaur skeleton (D:10)
  3 komodo dragons
  A polar bear (Lair:3)
  5 trolls
  9 hornets
  Grinder (D:5)
  4 tyrant leeches
  2 bog bodies
  3 hippogriffs
  5 slime creatures
  2 shadows
  3 spriggans
  2 wyverns (Lair:3)
  4 yaks (Lair:4)
  A basilisk (Lair:4)
  A hungry ghost (D:8)
  11 vampire mosquitoes
  4 insubstantial wisps (Swamp:2)
  5 wargs (Orc:2)
  4 nagas (Snake:1)
  13 swamp worms
  Duvessa (D:7)
  3 porcupines (Lair:4)
  8 water moccasins
  10 swamp drakes
  8 orc warriors
  2 ice beasts
  2 black bears
  13 ogres
  3 phantoms
  5 centaurs
  7 wolves
  2 crocodiles
  9 bullfrogs
  A gnoll sergeant (D:7)
  Dowan (D:7)
  A wyvern skeleton (D:10)
  2 scorpions
  5 killer bees
  5 wights (D:6)
  2 electric eels
  A bullfrog zombie (D:7)
  2 crimson imps
  4 hounds
  2 jellies
  34 orc priests
  21 orc wizards
  2 bullfrog skeletons
  A gnoll shaman (D:8)
  5 iguanas
  7 worker ants
  2 hound skeletons
  Robin (D:3)
  A worker ant zombie (D:10)
  17 adders
  11 gnolls
  3 shadow imps
  An adder skeleton (D:7)
  A dart slug (D:2)
  7 leopard geckos
  92 orcs
  5 giant cockroaches
  11 hobgoblins
  11 jackals
  5 quokkas
  A ball python (D:2)
  A ball python skeleton (D:5)
  7 bats
  3 frilled lizards
  11 goblins
  7 kobolds
  A leopard gecko skeleton (D:8)
  A quokka skeleton (D:9)
  3 rats
544 creatures vanquished.

Vanquished Creatures (collateral kills)
  3 hydras (Swamp:4)
  An anaconda (Snake:1)
  A shambling mangrove (Swamp:4)
  A mana viper (Snake:1)
  2 salamanders (Snake:1)
  2 black mambas (Snake:1)
  A naga mage (Snake:1)
  4 slime creatures (Swamp:4)
  2 nagas (Snake:1)
  2 swamp worms
  3 swamp drakes (Swamp:4)
22 creatures vanquished.

Vanquished Creatures (others)
  A hydra (Swamp:3)
  A shock serpent (Snake:1)
  A naga sharpshooter (Snake:2)
  A spriggan druid (Swamp:3)
  2 salamanders (Snake:2)
  A naga (Snake:2)
  A centaur (D:10)
  An orc priest (Orc:2)
  An orc (Orc:2)
10 creatures vanquished.

Grand Total: 576 creatures vanquished

Notes
Turn   | Place    | Note
-------+----------+-------------------------------------------
     0 | D:1      | Lavandula the Ghoul Warper began the quest for the Orb.
     0 | D:1      | Reached XP level 1. HP: 17/17 MP: 2/2
    73 | D:2      | Found a snail-covered altar of Cheibriados.
    81 | D:2      | Became a worshipper of Cheibriados the Contemplative
   147 | D:2      | Reached skill level 3 in Unarmed Combat
   147 | D:2      | Reached XP level 2. HP: 12/24 MP: 3/3
   151 | D:2      | Learned a level 2 spell: Blink
   154 | D:2      | Learned a level 2 spell: Shroud of Golubria
   192 | D:2      | Reached XP level 3. HP: 25/30 MP: 1/4
   247 | D:2      | Reached XP level 4. HP: 19/40 MP: 0/5
   314 | D:2      | Reached * piety under Cheibriados
   415 | D:3      | Found a sacrificial altar of Ru.
   465 | D:3      | Reached skill level 4 in Unarmed Combat
   708 | D:3      | Reached ** piety under Cheibriados
   708 | D:3      | Reached XP level 5. HP: 39/46 MP: 6/6
   767 | D:3      | Found a shadowy altar of Dithmenos.
   852 | D:4      | Noticed a phantom
   870 | D:4      | Reached skill level 5 in Unarmed Combat
   905 | D:4      | Killed a phantom
   905 | D:4      | Reached skill level 6 in Unarmed Combat
   905 | D:4      | Reached XP level 6. HP: 52/52 MP: 1/7
  1070 | D:4      | Found a glowing golden altar of the Shining One.
  1109 | D:4      | Noticed a phantom
  1144 | D:4      | Killed a phantom
  1144 | D:4      | Reached XP level 7. HP: 37/58 MP: 0/8
  1328 | D:5      | Entered Level 5 of the Dungeon
  1352 | D:5      | Reached *** piety under Cheibriados
  1358 | D:5      | Learned a level 3 spell: Lesser Beckoning
  1371 | D:5      | Reached skill level 5 in Dodging
  1439 | D:3      | Noticed Robin
  1515 | D:3      | Killed Robin
  1636 | D:5      | Reached **** piety under Cheibriados
  1636 | D:5      | Reached XP level 8. HP: 54/66 MP: 9/9
  1713 | D:5      | Found a deep blue altar of Sif Muna.
  1759 | D:5      | Reached skill level 7 in Unarmed Combat
  1906 | D:5      | Noticed Grinder
  1914 | D:5      | Paralysed by Grinder for 3 turns
  1918 | D:5      | Killed Grinder
  1918 | D:5      | Reached skill level 8 in Unarmed Combat
  1971 | D:6      | Reached skill level 9 in Unarmed Combat
  2159 | D:6      | Reached skill level 5 in Fighting
  2294 | D:6      | Learned a level 3 spell: Teleport Other
  2299 | D:6      | Found a sparkling altar of Nemelex Xobeh.
  2317 | D:6      | Reached XP level 9. HP: 72/74 MP: 9/11
  2329 | D:6      | Reached ***** piety under Cheibriados
  2380 | D:6      | Found an opulent altar of Gozag.
  2416 | D:7      | Learned a level 4 spell: Passage of Golubria
  2544 | D:7      | Reached skill level 1 in Shields
  2656 | D:7      | Found an iron altar of Okawaru.
  2679 | D:7      | Found a shattered altar of Ashenzari.
  2725 | D:7      | Found a hazy altar of Hepliaklqana.
  2855 | D:7      | Noticed Duvessa
  2855 | D:7      | Noticed Dowan
  2871 | D:7      | Killed Duvessa
  2871 | D:7      | Killed Dowan
  2885 | D:7      | Reached skill level 5 in Shields
  2948 | D:7      | Reached skill level 1 in Armour
  2987 | D:7      | Found a staircase to the Ecumenical Temple.
  3026 | D:8      | Noticed Gastronok
  3057 | D:8      | Killed Gastronok
  3057 | D:8      | Reached XP level 10. HP: 35/81 MP: 8/13
  3157 | D:8      | Found Kodasuwe's Armour Shoppe.
  3228 | D:8      | Found a bloodstained altar of Trog.
  3457 | D:8      | Found a hazy altar of Hepliaklqana.
  3607 | D:8      | Noticed AvylaarBelgium's ghost (novice DEFE)
  3622 | D:8      | Killed AvylaarBelgium's ghost
  3622 | D:8      | Reached skill level 10 in Unarmed Combat
  3653 | D:8      | Found Onasyky's Jewellery Shop.
  3675 | D:8      | Found a staircase to the Lair.
  3821 | D:9      | Noticed a hand axe
  3821 | D:9      | Found a hide-covered altar of Uskayaw.
  3821 | D:9      | Noticed a hand axe
  3876 | D:9      | Reached skill level 11 in Unarmed Combat
  3889 | D:9      | Learned a level 1 spell: Apportation
  4126 | D:9      | Learned a level 1 spell: Animate Skeleton
  4128 | D:9      | Learned a level 1 spell: Confusing Touch
  4146 | D:9      | Reached XP level 11. HP: 51/88 MP: 14/16
  4228 | D:10     | Entered Level 10 of the Dungeon
  4273 | D:10     | Reached skill level 1 in Invocations
  4317 | D:10     | Reached ****** piety under Cheibriados
  4466 | D:10     | Noticed MirrMurr's ghost (novice TrBe)
  4489 | D:10     | Killed MirrMurr's ghost
  4489 | D:10     | Reached skill level 5 in Invocations
  4527 | D:10     | Noticed an eight-headed hydra
  4543 | D:10     | Killed an eight-headed hydra
  4741 | D:10     | Found a staircase to the Orcish Mines.
  4756 | Orc:1    | Entered Level 1 of the Orcish Mines
  4860 | Orc:1    | Found a roughly hewn altar of Beogh.
  4860 | Orc:1    | Noticed Fannar
  4862 | Orc:1    | Reached skill level 1 in Evocations
  4889 | Orc:1    | Killed Fannar
  4946 | Orc:1    | Noticed Nergalle
  4967 | Orc:1    | Killed Nergalle
  5193 | Orc:2    | Entered Level 2 of the Orcish Mines
  5193 | Orc:2    | Noticed an orc knight
  5217 | Orc:1    | Killed an orc knight
  5347 | Orc:2    | Found a staircase to the Elven Halls.
  5469 | Orc:2    | Found Xituw's Antique Armour Emporium.
  5469 | Orc:2    | Noticed an orc high priest
  5469 | Orc:2    | Noticed an orc high priest
  5472 | Orc:2    | Found Ziurhiwu's Jewellery Boutique.
  5473 | Orc:2    | Reached skill level 1 in Stealth
  5474 | Orc:2    | Noticed an orc high priest
  5475 | Orc:2    | Reached XP level 12. HP: 90/97 MP: 17/17
  5476 | Orc:2    | Killed an orc high priest
  5476 | Orc:2    | Killed an orc high priest
  5476 | Orc:2    | Reached skill level 5 in Stealth
  5477 | Orc:2    | Killed an orc high priest
  5504 | Orc:2    | Noticed an orc high priest
  5540 | Orc:2    | Killed an orc high priest
  5575 | Orc:2    | Noticed an orc high priest
  5581 | Orc:2    | Killed an orc high priest
  5610 | Orc:2    | Noticed an orc high priest
  5643 | Orc:2    | Killed an orc high priest
  5643 | Orc:2    | Reached skill level 12 in Unarmed Combat
  5657 | Orc:2    | Noticed an orc high priest
  5670 | Orc:2    | Noticed a soul eater
  5673 | Orc:2    | Killed an orc high priest
  5699 | Orc:2    | Found a roughly hewn altar of Beogh.
  5707 | Orc:2    | Found Soihias's Jewellery Boutique.
  5707 | Orc:2    | Found Seffeczewo's Book Emporium.
  5773 | Orc:2    | Noticed an orc high priest
  5775 | Orc:2    | Noticed an orc high priest
  5783 | Orc:2    | Killed an orc high priest
  5783 | Orc:2    | Killed an orc high priest
  5783 | Orc:2    | Reached skill level 13 in Unarmed Combat
  5993 | Orc:2    | Noticed a sun demon
  6080 | Orc:2    | Paralysed by an orc sorcerer for 5 turns
  6095 | Orc:2    | Reached XP level 13. HP: 25/103 MP: 8/18
  6425 | Orc:2    | Noticed an orc warlord
  6470 | Orc:2    | Killed an orc warlord
  6541 | Orc:2    | Found Sokagucs's Jewellery Emporium.
  6549 | Orc:2    | Bought an uncursed ring of see invisible for 180 gold pieces
  6695 | Orc:1    | Noticed an orc warlord
  6771 | Orc:2    | Bought the ring "Atwonkog" {rC- Int+8 Slay+5 Stlth+} for 829 gold pieces
  6805 | Orc:2    | Should have bought wiz
  6967 | Lair:1   | Entered Level 1 of the Lair of Beasts
  7059 | Lair:2   | Found a staircase to the Snake Pit.
  7183 | Lair:4   | Reached skill level 1 in Hexes
  7214 | Lair:4   | Reached skill level 5 in Translocations
  7728 | Lair:3   | Found a staircase to the Swamp.
  7739 | Swamp:1  | Entered Level 1 of the Swamp
  8033 | Swamp:3  | Reached XP level 14. HP: 111/111 MP: 19/19
  8127 | Swamp:3  | Noticed a thorn hunter
  8136 | Swamp:3  | Noticed a thorn hunter
  8137 | Swamp:3  | Killed a thorn hunter
  8149 | Swamp:3  | Killed a thorn hunter
  8149 | Swamp:3  | Reached skill level 10 in Translocations
  8274 | Swamp:4  | Entered Level 4 of the Swamp
  8366 | Swamp:4  | Reached skill level 14 in Unarmed Combat
  8840 | Swamp:3  | Reached skill level 10 in Fighting
  8840 | Swamp:3  | Reached XP level 15. HP: 82/126 MP: 6/20
  8845 | Swamp:3  | Reached skill level 1 in Necromancy
  8979 | Swamp:3  | Got a smoking robe
  8990 | Swamp:3  | Identified the +3 robe of the Imp {rF+ Str+3 Dex-4} (You found it on level 3 of the Swamp)
  9074 | Swamp:4  | Got a decaying rune of Zot
  9154 | Swamp:1  | Reached skill level 15 in Unarmed Combat
  9234 | Snake:1  | Entered Level 1 of the Snake Pit
  9361 | Snake:1  | Reached skill level 5 in Evocations
  9444 | Snake:2  | Noticed a nagaraja
  9511 | Snake:2  | Noticed Nikola
  9708 | Snake:2  | Noticed Jorgrun
  9710 | Snake:2  | Killed a nagaraja
 10130 | Snake:2  | HP: 1/126 [Nikola/chain lightning (12)]
 10131 | Snake:2  | Killed from afar by Nikola

Vault maps used:
D:1:      sevenhm_arrival_forest_fort_small_6, nemelex_diamond_rough_becter
D:2:      nicolae_overflow_crystal_walls, uniq_jessica
D:3:      nicolae_ru_the_path_less_chosen, nicolae_dithmenos_shadow_blocks,
          first_bread, uniq_robin
D:4:      lemuel_doored_altar
D:5:      old_standard_altar, uniq_grinder
D:6:      old_standard_altar, overflow_temple_1_default, minmay_holes
D:7:      xom_butterflies, cheibrodos_ashenzari_chains,
          okawaru_metal_pillars_1_2, minmay_temple_entry_butterflies,
          basic_altar, grunt_ogre_cave, uniq_duvessa, uniq_joseph
D:8:      lemuel_round_altar, lair_entry_dummy, serial_shops,
          nicolae_shop_behind_doors, shop, trog_hazing_becter, uniq_gastronok
D:9:      dancing_weapons_uskayaw, lemuel_coloured_pillars_altar, trog_wizard,
          uniq_grum
D:10:     hiddenorc1_lemuel
Lair:1:   columned_hall_lemuel, st_stairs_11
Lair:2:   minmay_snake_entry_six_corridors
Lair:3:   minmay_swamp_entry_worms, nicolae_quartered_pool_little,
          grunt_megastairs_2
Lair:4:   st_stairs_13, lemuel_fruit_fields, infiniplex_staircase_pool
Swamp:1:  nicolae_swamp_fairy_circle, uniq_josephine
Swamp:2:  hangedman_swamp_diagram, swamp_pool5
Swamp:3:  evilmike_swamp_ruin_house_3
Swamp:4:  swamp, infiniplex_staircase_pool_2
Snake:1:  serial_bayou_shore_b, lemuel_fruit_tree
Snake:2:  serial_shops, shop, grunt_megastairs_3, minmay_shoptagon, uniq_louise,
          uniq_nikola, uniq_jorgrun
Orc:1:    basic_altar, uniq_fannar, uniq_nergalle
Orc:2:    st_orc_town, serial_shops, nicolae_shop_statue_plus, elf_legates

Skill      XL: |  1  2  3  4  5  6  7  8  9 10 11 12 13 14 15 |
---------------+----------------------------------------------+-----
Unarmed Combat | 3 4 6 9 11 13 14 15 | 15.0
Fighting       | 3 5 6 10 | 10.0
Dodging        | 3 5 6 8 |  8.3
Spellcasting   | 2 3 4 |  4.5
Translocations | 3 8 11 | 11.0
Shields        | 5 |  5.1
Armour         | 6 8 |  8.5
Invocations    | 7 |  7.5
Evocations     | 3 5 |  5.1
Stealth        | 2 6 |  6.2
Hexes          | 2 |  2.2
Necromancy     | 3 |  3.2
Throwing       | |  0.8

Action                   |  1- 3 |  4- 6 |  7- 9 | 10-12 | 13-15 || total
-------------------------+-------+-------+-------+-------+-------++-------
Melee: Unarmed           |    64 |   184 |   358 |   554 |   765 ||  1925
       Punch             |       |     5 |    17 |       |       ||    22
Throw: Tomahawk          |       |     2 |     4 |    17 |     3 ||    26
       Throwing net      |       |       |     1 |       |       ||     1
 Cast: Shroud of Golubri |     1 |    10 |    20 |    27 |    46 ||   104
       Blink             |     1 |     1 |     5 |    20 |     9 ||    36
       Lesser Beckoning  |       |       |     2 |    11 |     7 ||    20
       Confusing Touch   |       |       |       |     3 |     4 ||     7
       Apportation       |       |       |       |     1 |    12 ||    13
       Animate Skeleton  |       |       |       |       |    25 ||    25
       Passage of Golubr |       |       |       |       |     7 ||     7
Invok: Slouch            |       |       |     1 |    12 |    11 ||    24
       Bend Time         |       |       |     1 |     2 |       ||     3
Evoke: Wand              |       |       |       |    12 |     7 ||    19
  Use: Potion            |     1 |       |     1 |       |     2 ||     4
       Scroll            |       |     3 |     4 |     4 |     3 ||    14
 Stab: Held in net/web   |       |       |     9 |       |       ||     9
       Confused          |       |       |       |     2 |     2 ||     4
       Sleeping          |       |       |       |       |     2 ||     2
       Distracted        |       |       |       |       |     7 ||     7
  Eat: Chunk             |     9 |    24 |    36 |    71 |    68 ||   208
Armor: Leather armour    |    14 |    31 |    32 |       |       ||    77
       Ring mail         |       |       |     2 |    82 |       ||    84
       Chain mail        |       |       |       |    22 |   406 ||   428
Dodge: Dodged            |    37 |   106 |   198 |   252 |   376 ||   969
Block: Other             |       |     6 |    52 |       |       ||    58
       Reflection        |       |       |     1 |    14 |    17 ||    32
       Buckler           |       |       |    26 |   285 |   407 ||   718

Table legend:
 A = Spawn XP
 B = Non-spawn XP
 C = Spawn XP percentage of total XP
 D = Spawn monster count
 E = Non-spawn monster count
 F = Spawn count percentage of total count
 G = Total turns spent on level
                    A         B        C        D         E        F      G
               +---------+---------+-------+---------+---------+-------+---------
         Total |       0 |  110183 |   0.0 |       0 |     571 |   0.0 | 10131
               +---------+---------+-------+---------+---------+-------+---------
           D:1 |       0 |       5 |   0.0 |       0 |       4 |   0.0 |    49
           D:2 |       0 |     118 |   0.0 |       0 |      21 |   0.0 |   336
           D:3 |       0 |      86 |   0.0 |       0 |      25 |   0.0 |   446
           D:4 |       0 |     643 |   0.0 |       0 |      28 |   0.0 |   605
           D:5 |       0 |     954 |   0.0 |       0 |      29 |   0.0 |   502
           D:6 |       0 |     682 |   0.0 |       0 |      23 |   0.0 |   445
           D:7 |       0 |    1665 |   0.0 |       0 |      40 |   0.0 |   643
           D:8 |       0 |    3611 |   0.0 |       0 |      26 |   0.0 |   786
           D:9 |       0 |    1574 |   0.0 |       0 |      21 |   0.0 |   463
          D:10 |       0 |    4563 |   0.0 |       0 |      42 |   0.0 |   584
        Lair:1 |       0 |     887 |   0.0 |       0 |       4 |   0.0 |    41
        Lair:2 |       0 |    1790 |   0.0 |       0 |      18 |   0.0 |   135
        Lair:3 |       0 |    2207 |   0.0 |       0 |      13 |   0.0 |   273
        Lair:4 |       0 |    8398 |   0.0 |       0 |      21 |   0.0 |   385
       Swamp:1 |       0 |     742 |   0.0 |       0 |       4 |   0.0 |    83
       Swamp:2 |       0 |    3680 |   0.0 |       0 |      16 |   0.0 |   333
       Swamp:3 |       0 |   19086 |   0.0 |       0 |      41 |   0.0 |   546
       Swamp:4 |       0 |   19120 |   0.0 |       0 |      45 |   0.0 |   471
       Snake:1 |       0 |   11988 |   0.0 |       0 |      27 |   0.0 |   849
       Snake:2 |       0 |    4831 |   0.0 |       0 |       7 |   0.0 |    48
         Orc:1 |       0 |    3397 |   0.0 |       0 |      23 |   0.0 |   544
         Orc:2 |       0 |   20156 |   0.0 |       0 |      93 |   0.0 |  1562
               +---------+---------+-------+---------+---------+-------+---------
